 Dungeon Crawl Stone Soup version 0.14.2 (webtiles) character file.

6962 Grinoldyr the Fighter (level 10, -34/139 HPs)
             Began as a Minotaur Berserker on June 3, 2020.
             Was a High Priest of Trog.
             Killed from afar by a frost giant (42 damage)
             ... with a bolt of cold
             ... in an ice cave.
             The game lasted 00:57:08 (8733 turns).

Grinoldyr the Fighter (Minotaur Berserker)          Turns: 8733, Time: 00:57:08

HP -34/139       AC 19     Str 29      XL: 10   Next: 66%
MP  12/12        EV  5     Int  4      God: Trog [*****.]
Gold 569         SH 36     Dex 11      Spells:  0 memorised,  9 levels left

rFire  . . .     SeeInvis +     C - +3,+1 morningstar
rCold  . . .     Clarity  .     e - +4 chain mail
rNeg   . . .     Conserve .     S - +0 large shield
rPois  .         rCorr    .     (helmet restricted)
rElec  .         rRot     .     (no cloak)
SustAb . .       Spirit   .     u - +0 pair of gloves
rMut   .         Warding  .     q - -1 pair of boots
Gourm  +         Stasis   .     z - amulet of the gourmand
MR     .....                    g - ring of Greed {SInv Stlth-, unknown}
                                y - +2 ring of protection

@: berserking (expiring), very quick, not resistant to hostile enchantments,
extremely unstealthy
A: retaliatory headbutt, horns 2
a: Burn Spellbooks, Berserk, Trog's Hand, Brothers in Arms, Renounce Religion


You were in an ice cave.
You worshipped Trog.
Trog was extremely pleased with you.
You were not hungry.

You visited 2 branches of the dungeon, and saw 10 of its levels.
You also visited: Ossuary and Ice Cave.

You collected 569 gold pieces.

Inventory:

Hand weapons
 C - a +3,+1 morningstar (weapon)
 H - a cursed +2,+1 vampiric halberd
Missiles
 n - 18 stones (quivered)
Armour
 e - a +4 chain mail (worn)
 q - a -1 pair of boots (worn)
 u - a +0 pair of gloves (worn)
 x - a +2 ring mail of fire resistance
 S - a +0 large shield (worn)
Magical devices
 d - a wand of paralysis (14)
 i - a wand of fireball (1)
 A - a wand of frost (1)
 O - a wand of polymorph (10) {unknown}
 Q - a wand of magic darts (10) {unknown}
 U - a wand of teleportation (6) {unknown}
Comestibles
 B - a meat ration
 I - a choko
 M - a sausage
Scrolls
 c - 3 scrolls of remove curse
 f - a scroll of fear
 p - 2 scrolls of teleportation
 T - a scroll of enchant armour
Jewellery
 g - the ring of Greed (right hand) {SInv Stlth-, unknown}
   (You acquired it on level 9 of the Dungeon)

   [ring of see invisible]

   It makes you much less stealthy.
 y - a +2 ring of protection (left hand)
 z - an amulet of the gourmand (around neck)
Potions
 a - 3 potions of might {unknown}
 b - a potion of curing
 j - 4 potions of restore abilities {unknown}
 k - a potion of confusion {unknown}
 t - a potion of poison {unknown}
 v - a potion of cure mutation {unknown}
 w - 2 potions of magic {unknown}


   Skills:
 - Level 10.1 Fighting
 - Level 10.0 Maces & Flails
 - Level 9.0 Armour
 - Level 3.8 Dodging
 - Level 8.6 Shields
 + Level 5.1 Evocations


You had 9 spell levels left.
You didn't know any spells.

Dungeon Overview and Level Annotations

Branches:
Dungeon (9/15)             Temple (0/1) D:6            Lair (1/8) D:9
    Orc: D:9-12

Altars:
Ashenzari
Dithmenos
Elyvilon
Kikubaaqudgha
Okawaru
Trog
Vehumet
Xom
Yredelemnul

Shops:
D:8 :


Innate Abilities, Weirdness & Mutations

You reflexively headbutt those who attack you in melee.
You have a pair of horns on your head.


Message History

The polar bear barely misses you.
The polar bear claws you but does no damage.
You block the polar bear's attack. The frost giant casts a spell at you.
The bolt of cold hits you!
* * * LOW HITPOINT WARNING * * *
You puncture the frost giant!
The frost giant is almost dead.
The polar bear bites you but does no damage.
You block the polar bear's attack. x2
You block the yak's attack. The polar bear bites you!
* * * LOW HITPOINT WARNING * * *
The polar bear claws you but does no damage.
The polar bear completely misses you.
You are too berserk!
You hit the frost giant.
The frost giant is almost dead.
The frost giant casts a spell at you. The bolt of cold hits you!
You die...

#....##
###.....#
#.......##
#$.......#
#$...#
#$$.##
#U$$$#
#UCU$#
#@YU##
#.U[#
##)## ###


You could see a frost giant, 5 polar bears and a yak.

Vanquished Creatures
  The ghost of inertspoon the Basher, an experienced MiBe of Trog (D:7)
  A gargoyle (D:9)
  A feature mimic (D:8)
  A troll (D:9)
  2 deep elf fighters (D:6)
  2 hungry ghosts (D:7)
  A water moccasin (D:6)
  A necrophage (D:8)
  A yellow wasp (D:8)
  4 orc warriors
  A black bear (D:5)
  8 ice beasts (Lair:1)
  A sky beast (D:5)
  6 ogres
  3 phantoms
  4 centaurs
  A big kobold (D:9)
  2 gnoll sergeants (D:6)
  2 elf zombies (Ossuary)
  A giant frog (Lair:1)
  2 scorpions
  4 crimson imps
  2 centaur zombies (Ossuary)
  3 hounds
  2 jellies
  An orc priest (D:6)
  A giant frog skeleton (D:4)
  3 orc wizards
  3 iguanas
  4 worker ants
  2 mummies (Ossuary)
  6 gnolls (D:6)
  Natasha (twice) (D:6)
  8 adders
  A shadow imp (D:6)
  A giant mite (D:1)
  4 worms
  An adder zombie (Ossuary)
  An adder skeleton (D:8)
  An orc skeleton (D:4)
  A giant eyeball (D:4)
  4 giant geckos
  3 oozes
  20 orcs
  5 ball pythons
  12 hobgoblins
  4 jackals (D:9)
  4 quokkas
  27 bats
  5 giant cockroaches
  7 giant newts
  15 goblins
  A goblin zombie (Ossuary)
  11 hobgoblin zombies (Ossuary)
  2 jackal zombies (Ossuary)
  16 kobolds
  A kobold skeleton (D:4)
  11 kobold zombies (Ossuary)
  6 orc zombies (Ossuary)
  18 rats
  A rat zombie (Ossuary)
  4 ballistomycetes (D:9)
  2 fungi (D:9)
  4 plants (D:9)
280 creatures vanquished.

Vanquished Creatures (collateral kills)
  A cyclops (D:9)
  An orc warrior (D:6)
  Blork the orc (D:6)
  A giant spore (D:9)
  2 rats (D:9)
  A plant (D:9)
7 creatures vanquished.

Vanquished Creatures (others)
  An orc wizard (D:9)
  Natasha (D:6)
  3 orcs (D:9)
  A bat (D:9)
  2 giant spores (D:9)
  A fungus (D:9)
9 creatures vanquished.

Grand Total: 296 creatures vanquished

Notes
Turn   | Place    | Note
--------------------------------------------------------------
     0 | D:1      | Grinoldyr, the Minotaur Berserker, began the quest for the Orb.
     0 | D:1      | Reached XP level 1. HP: 19/19 MP: 1/1
   122 | D:1      | Reached skill level 4 in Maces & Flails
   169 | D:1      | Reached XP level 2. HP: 22/26 MP: 1/1
   555 | D:1      | Reached skill level 5 in Maces & Flails
   862 | D:2      | Reached XP level 3. HP: 23/31 MP: 2/2
   900 | D:2      | Acquired Trog's second power
  1400 | D:2      | Found a shimmering altar of Xom.
  1728 | D:3      | Reached skill level 6 in Maces & Flails
  1728 | D:3      | Reached XP level 4. HP: 39/39 MP: 2/2
  2133 | D:3      | Reached XP level 5. HP: 30/45 MP: 2/2
  2980 | D:4      | Paralysed by a giant eyeball for 3 turns
  2990 | D:4      | Paralysed by a giant eyeball for 2 turns
  3589 | D:5      | Entered Level 5 of the Dungeon
  3632 | D:5      | Found a white marble altar of Elyvilon.
  3640 | D:5      | Found a bloodstained altar of Trog.
  3640 | D:5      | Found a basalt altar of Yredelemnul.
  3641 | D:5      | Found a shattered altar of Ashenzari.
  3643 | D:5      | Found a radiant altar of Vehumet.
  3647 | D:5      | Found an ancient bone altar of Kikubaaqudgha.
  3680 | D:5      | Noticed a sky beast
  3691 | D:5      | Killed a sky beast
  3691 | D:5      | Reached XP level 6. HP: 44/51 MP: 3/3
  3828 | D:5      | Noticed a phantom
  4103 | D:5      | Noticed a black bear
  4111 | D:5      | Killed a black bear
  4224 | D:5      | Killed a phantom
  4224 | D:5      | Reached skill level 5 in Shields
  4224 | D:5      | Reached XP level 7. HP: 49/57 MP: 3/3
  4583 | D:6      | Acquired Trog's third power
  4594 | D:6      | Found a staircase to the Ecumenical Temple.
  4641 | D:6      | Reached skill level 7 in Maces & Flails
  4707 | D:6      | Reached skill level 8 in Maces & Flails
  4848 | D:6      | Reached XP level 8. HP: 64/64 MP: 3/3
  4958 | D:6      | Noticed a water moccasin
  4991 | D:6      | Killed a water moccasin
  4991 | D:6      | Reached skill level 9 in Maces & Flails
  5260 | D:6      | Noticed Natasha
  5278 | D:6      | Killed Natasha
  5324 | D:6      | Reached skill level 10 in Maces & Flails
  5525 | D:6      | Reached skill level 5 in Fighting
  5577 | D:6      | Noticed a deep elf fighter
  5578 | D:6      | Noticed a deep elf fighter
  5579 | D:6      | Noticed Blork the orc
  5619 | D:6      | Killed a deep elf fighter
  5625 | D:6      | Killed a deep elf fighter
  5681 | D:6      | Reached XP level 9. HP: 45/81 MP: 4/4
  5686 | D:6      | Killed Blork the orc
  5914 | D:6      | Noticed Natasha
  5924 | D:6      | Killed Natasha
  5929 | D:6      | Noticed Natasha
  5937 | D:6      | Killed Natasha
  6373 | D:7      | Reached skill level 10 in Fighting
  6374 | D:7      | Found an iron altar of Okawaru.
  6375 | D:7      | Found a shadowy altar of Dithmenos.
  6415 | D:7      | Noticed inertspoon's ghost (experienced MiBe)
  6501 | D:7      | Killed inertspoon's ghost
  7129 | D:8      | Found Kidwui's Book Boutique.
  7205 | D:8      | Found a sand-covered staircase.
  7223 | D:8      | Killed a statue mimic
  7244 | Ossuary  | Entered an ossuary
  7309 | Ossuary  | Reached XP level 10. HP: 91/93 MP: 4/4
  8003 | D:9      | Noticed a cyclops
  8043 | D:9      | Killed a cyclops
  8101 | D:9      | Found a staircase to the Lair.
  8276 | D:9      | Reached skill level 1 in Evocations
  8481 | D:9      | Identified a scroll of acquirement
  8482 | D:9      | Got an ancient glass ring
  8640 | Lair:1   | Entered Level 1 of the Lair of Beasts
  8649 | Lair:1   | Found a frozen archway.
  8703 | Lair:1   | Reached skill level 5 in Evocations
  8708 | IceCv    | Entered an ice cave
  8719 | IceCv    | Noticed a frost giant
  8733 | IceCv    | Killed from afar by a frost giant

Action                   |  1- 3 |  4- 6 |  7- 9 | 10-12 || total
-------------------------+-------+-------+-------+-------++-------
Melee: Mace              |    14 |       |       |       ||    14
       Whip              |   120 |   378 |   736 |   423 ||  1657
       Morningstar       |       |       |       |    86 ||    86
Throw: Stone             |       |     8 |       |       ||     8
Invok: Berserk           |     1 |     1 |     2 |     2 ||     6
       Burn Spellbooks   |     1 |     2 |     2 |       ||     5
       Brothers in Arms  |       |       |     1 |     1 ||     2
Evoke: Wand              |       |     4 |    13 |     4 ||    21
  Use: Scroll            |     5 |     2 |     6 |    18 ||    31
       Potion            |       |     1 |    14 |     4 ||    19
 Stab: Paralysed         |       |     3 |    37 |       ||    40
       Confused          |       |       |     1 |       ||     1
